[Event "*** Titled Tuesday 3|2 Blitz"]
[Site "Chess.com"]
[Date "2015.12.01"]
[Round "1"]
[White "Gabrinsky"]
[Black "Alliswell998"]
[Result "1/2-1/2"]
[WhiteElo "2354"]
[BlackElo "2111"]
[TimeControl "180+2"]
[EndTime "17:09:59 PST"]
[Termination "Game drawn by agreement"]

1. e4 c5 2. Nf3 d6 3. d4 cxd4 4. Nxd4 Nf6 5. Nc3 a6 6. Be2 e5 7. Nb3 Be7 8. Be3 Be6 9. Qd3 Nc6 10. O-O O-O 11. a3 Rc8 12. Nd5 Bxd5 13. exd5 Nb8 14. c4 Nbd7 15. Rac1 b6 16. Rfd1 a5 17. Rc2 Qc7 18.
h3 Rfe8 19. Bf1 Bf8 20. Nd2 Nc5 21. Qe2 a4 22. Nb1 Nfe4 23. Qe1 f5 24. f3 Nf6 25.
Nc3 f4 26. Bf2 e4 27. fxe4 Nfxe4 28. Re2 Nxf2 29. Rxe8 Nxd1 30. Rxc8 Qxc8 31. Qxd1 Qf5 32. Nxa4 Nxa4 33. Qxa4 f3 34. Qb3 f2+ 35. Kh1 Qb1 36.
Qd3 Qxb2 37. g3 g6 38. Qe3 Kg7 39. Kg2 h6 40. Qxf2 Qxa3 41. Qxb6 Be7 42. h4 Qa2+ 43.
Kh3 Qd2 44. Qc7 Qe1 45. Bg2 h5 46. c5 dxc5 47. d6 Qe6+ 48. Kh2 Qxd6 49. Qc6 Qxc6 50.
Bxc6 Kf6 51. Kg2 Bd6 52. Kf3 c4 53. Bb5 c3 54. Bd3 Bb8 55. Bc2 g5 56. hxg5+ Kxg5 57. Bd3 Be5 58. Bc2 Bd4 59. Bd3 Kf6 60. Bc2 Ba7 61. Bb1 Bb8 62. Bc2 Ke5 63. g4 h4 64. g5 Kd4 65. g6 Be5 66. Kg4 1/2-1/2

[Event "*** Titled Tuesday 3|2 Blitz"]
[Site "Chess.com"]
[Date "2015.12.01"]
[Round "1"]
[White "ntmh281"]
[Black "Iball95"]
[Result "0-1"]
[WhiteElo "2112"]
[BlackElo "2420"]
[TimeControl "180+2"]
[EndTime "17:10:09 PST"]
[Termination "Iball95 won by checkmate"]

1. d4 Nf6 2. Nf3 g6 3. Bf4 Bg7 4. e3 O-O 5. Be2 d6 6. O-O Nc6 7. h3 Nd7 8. Bh2 e5 9. c3 Re8 10. Nbd2 Nf6 11. dxe5 Nxe5 12. Nxe5 dxe5 13. Nc4 Nd5 14.
Qc2 Qg5 15. Bf3 Nf6 16. Bg3 Nh5 17. h4 Qf5 18. Qxf5 Bxf5 19. Bh2 Bd3 20. Na5 Bxf1 21. Kxf1 e4 22. Be2 Be5 23. g3 Rab8 24. Nc4 Nf6 25.
Nxe5 Rxe5 26. g4 Re7 27. Rd1 Kf8 28. g5 Ng8 29. Rd4 Ke8 30. Bb5+ Kf8 31. Bc4 f5 32. Ke2 a6 33. Bf4 Kg7 34. Bb3 h6 35. Rc4 Rc8 36.
Rc5 hxg5 37. hxg5 c6 38. Be5+ Kh7 39. Bf4 Rd8 40. Rc4 Kg7 41. Rd4 Rxd4 42. cxd4 Re8 43.
Be5+ Kf8 44. Bc4 Ne7 45. Bd6 Kg7 46. a4 Nd5 47. Be5+ Kf7 48. a5 Ke6 49. f3 exf3+ 50.
Kxf3 Re7 51. e4 fxe4+ 52. Kxe4 Rh7 53. Bd3 Rh3 54. Be2 Re3# 0-1

[Event "*** Titled Tuesday 3|2 Blitz"]
[Site "Chess.com"]
[Date "2015.12.01"]
[Round "1"]
[White "wonderfultime"]
[Black "Tirantes"]
[Result "1-0"]
[WhiteElo "2646"]
[BlackElo "2229"]
[TimeControl "180+2"]
[EndTime "17:10:12 PST"]
[Termination "wonderfultime won on time"]

1. d4 d5 2. c3 Bf5 3. Bf4 e6 4. e3 Nf6 5. Bd3 Bxd3 6. Qxd3 c6 7. Nd2 Be7 8. Ngf3 O-O 9. O-O Qb6 10. h3 c5 11. Rab1 Qa6 12. Qc2 cxd4 13. exd4 Nc6 14. Rfe1 Rac8 15. a3 Rfe8 16. Bg5 Nd7 17. Bxe7 Rxe7 18.
Re3 b5 19. Rbe1 Qb6 20. Qd3 Na5 21. Ng5 Nf8 22. Rg3 Nc4 23. Qc2 Nd6 24. Nb3 h6 25.
Nf3 Ne4 26. Rxe4 dxe4 27. Qxe4 Qc6 28. Qh4 Rcc7 29. Qxh6 Ng6 30. Qe3 Qd5 31. Nbd2 e5 32. Rg5 Rcd7 33. dxe5 Qd3 34. Qxd3 Rxd3 35. Ne4 Rd1+ 36.
Kh2 Rb1 37. b4 Rb3 38. Kg3 Rxa3 39. h4 a5 40. h5 Nf8 41. h6 Ng6 42. bxa5 Rxa5 43.
hxg7 Kxg7 44. Nf6 Ra3 45. Rh5 Rxc3 46. Rh7+ Kf8 47. Nd5 Rxf3+ 48. Kxf3 Rxe5 49. Ne3 b4 50. Rh1 b3 51. Rb1 Rb5 52. Nc4 Ke7 53. Ke4 Ke6 54. Kd4 Rb8 55. g3 f6 56. f4 Ne7 57. g4 Nc6+ 58. Kc3 Rg8 59. Ne3 Rb8 60. Re1 1-0

[Event "*** Titled Tuesday 3|2 Blitz"]
[Site "Chess.com"]
[Date "2015.12.01"]
[Round "1"]
[White "Viaje"]
[Black "Gevorg_Harutjunyan"]
[Result "0-1"]
[WhiteElo "2194"]
[BlackElo "2524"]
[TimeControl "180+2"]
[EndTime "17:10:13 PST"]
[Termination "Gevorg_Harutjunyan won by resignation"]

1. d4 Nf6 2. c4 g6 3. Nc3 Bg7 4. e4 d6 5. Be2 O-O 6. Nf3 e5 7. O-O Nbd7 8. Re1 c6 9. Bf1 exd4 10. Nxd4 Re8 11. Nc2 Qc7 12. Bf4 Ne5 13. Rb1 Be6 14.
b3 Nh5 15. Bd2 Rad8 16. h3 f5 17. Nd4 f4 18. Rc1 Qf7 19. Nxe6 Rxe6 20. Be2 f3 21.
Bxf3 Rf8 22. Bxh5 Qxf2+ 23. Kh1 gxh5 24. Be3 Qg3 25. Qe2 Rg6 26. Rf1 Nd3 27. Rxf8+ Kxf8 28. Rf1+ Kg8 29. Rf3 Qe1+ 30. Qxe1 Nxe1 31. Rf2 Bxc3 32.
Kg1 Nd3 33. Rf3 Ne5 34. Rf2 Bb4 35. Kf1 Bc5 36. Bxc5 dxc5 37. Rd2 Rf6+ 38. Ke2 h4 39. Rd8+ Rf8 40. Rd6 Kf7 41. Rh6 Rg8 42. Kf2 Nd3+ 43. Ke3 Nc1 44. Rxh7+ Rg7 45. Rxh4 Rxg2 46. Rh7+ Rg7 47.
Rh5 Nxa2 48. Rxc5 Rg3+ 49. Kf4 Rxh3 50. Ra5 Nc1 51. Rxa7 Rxb3 52. Ke5 Ke7 53. Kd4 Ne2+ 54. Kc5 Ng3 55. e5 Ke6 56. Ra8 Kxe5 57. Re8+ Kf6 58. Kd6 Nf5+ 59. Kc7 b5 60. cxb5 cxb5 61.
Kc6 Nd4+ 62. Kc5 Ne6+ 63. Kc6 Ke5 64. Rb8 Nd4+ 65. Kc5 Rc3+ 66. Kb4 Rc4+ 67. Ka3 Ra4+ 68. Kb2 Kd5 69. Rc8 Nc6 70. Rb8 Kc4 0-1

[Event "*** Titled Tuesday 3|2 Blitz"]
[Site "Chess.com"]
[Date "2015.12.01"]
[Round "1"]
[White "GianmarcoVaR"]
[Black "Fandorine"]
[Result "1-0"]
[WhiteElo "2301"]
[BlackElo "2551"]
[TimeControl "180+2"]
[EndTime "17:10:19 PST"]
[Termination "GianmarcoVaR won by checkmate"]

1. d4 Nf6 2. Nf3 g6 3. c4 Bg7 4.
g3 O-O 5. Bg2 d6 6. O-O Nbd7 7.
Nc3 e5 8. e4 c6 9. h3 Qb6 10. Re1 exd4 11. Nxd4 Re8 12. Rb1 Ne5 13. Nc2 Nxc4 14. b3 Ne5 15. Qxd6 Qd8 16. Ba3 Qxd6 17. Bxd6 Nfd7 18. Na4 b5 19. Nb2 Re6 20. Rbd1 Nf3+ 21. Bxf3 Bxb2 22. Bg4 Re8 23. f4 h5 24. Bf3 Nb6 25. e5 Nd5 26. Ne3 Bxh3 27. Nxd5 cxd5 28.
Re2 Bc3 29. Rxd5 a6 30. Rc2 b4 31. Kh2 Bf5 32. Re2 a5 33. Rc5 Rac8 34. Rxa5 Be6 35. Bd5 Bxd5 36. Rxd5 Red8 37. Kg2 Rd7 38. Kf3 Kh7 39. Rb5 Ra7 40. Bxb4 Bxb4 41. Rxb4 Rc3+ 42. Kf2 Rd7 43. Rbe4 Rc1 44. Rc4 Ra1 45. Rcc2 Kh6 46. Red2 Ra7 47. a4 h4 48. gxh4 Kh5 49. Kf3 Rf1+ 50.
Rf2 Rh1 51. Rb2 Rh3+ 52. Ke4 Re7 53. a5 f5+ 54. Kd5 Rd3+ 55. Kc4 Red7 56. b4 R7d4+ 57. Kb5 Rd5+ 58. Ka4 Kxh4 59. Rg2 R3d4 60. Rxg6 Kh5 61.
Rg5+ Kh6 62. Rh2# 1-0

[Event "*** Titled Tuesday 3|2 Blitz"]
[Site "Chess.com"]
[Date "2015.12.01"]
[Round "1"]
[White "tigra"]
[Black "gauranga"]
[Result "0-1"]
[WhiteElo "2236"]
[BlackElo "2033"]
[TimeControl "180+2"]
[EndTime "17:11:06 PST"]
[Termination "gauranga won by resignation"]

1. e4 b6 2. d4 Bb7 3. Bd3 Nf6 4.
Qe2 Nc6 5. c3 e5 6. Nf3 d6 7.
O-O Nd7 8. Rd1 g6 9. Bg5 Qc8 10. Nbd2 Bg7 11. d5 Ne7 12. c4 h6 13. Bh4 a5 14. b3 Nc5 15. Bc2 Qd7 16. Nb1 O-O 17. Nfd2 f5 18. f3 g5 19. Bf2 f4 20. Nc3 Ng6 21. a3 Qf7 22. b4 Nd7 23. Na4 Ba6 24.
Bd3 h5 25. c5 Bxd3 26. Qxd3 bxc5 27. bxc5 g4 28. cxd6 cxd6 29. Nc4 Qf6 30. Nab6 Nxb6 31. Nxb6 Rad8 32. Kh1 g3 33. Bg1 gxh2 34. Bf2 Rf7 35. Qd2 Bf8 36. Qxa5 Rg7 37. a4 Qg5 38. Ra2 h4 39.
Qb5 h3 40. gxh3 Nh4 41. Qf1 Nxf3 42. Ra3 Rb8 43. a5 Be7 44. Rxf3 Bd8 45. Kxh2 Qh5 46. Rdd3 Bc7 47. Bg1 Kh7 48. Rc3 Rbg8 49. Rxc7 Rxc7 50. Rf2 Rcg7 51. a6 f3 52. Qe1 Rxg1 53. Qxg1 Rxg1 54.
Kxg1 Qg5+ 55. Kh1 Qc1+ 56. Kh2 Qf4+ 57. Kg1 Qc1+ 58. Kh2 Qf4+ 59. Kg1 Qc1+ 60. Kh2 Qf4+ 61. Kg1 Qc1+ 62. Kh2 Qf4+ 63. Kg1 Qg3+ 64. Kf1 Qxh3+ 65.
Ke1 Qh1+ 66. Kd2 Qb1 67. Nc8 Qb2+ 68. Kd3 Qxf2 69. a7 Qe2+ 70. Kc3 Qa2 71. Kd3 f2 0-1

[Event "*** Titled Tuesday 3|2 Blitz"]
[Site "Chess.com"]
[Date "2015.12.01"]
[Round "1"]
[White "LoggiaFelixdaMaria"]
[Black "jlandaw"]
[Result "0-1"]
[WhiteElo "2083"]
[BlackElo "2354"]
[TimeControl "180+2"]
[EndTime "17:11:21 PST"]
[Termination "jlandaw won by resignation"]

1. d4 d5 2. c4 c6 3. cxd5 cxd5 4.
Nc3 Nf6 5. Bf4 a6 6. e3 e6 7. Bd3 Bd6 8. Bxd6 Qxd6 9. f4 b5 10.
Nf3 Nbd7 11. O-O Nb6 12. Ne5 Bb7 13. Qf3 b4 14. Ne2 Ne4 15. Rad1 O-O 16. Ng3 f6 17. Ng4 Rfd8 18. Nf2 f5 19. Qe2 Rdc8 20. Rc1 a5 21. Bb5 Nc4 22. Nd3 Qb6 23. Nxe4 fxe4 24. Bxc4 Rxc4 25. Ne5 Rc7 26. Rxc7 Qxc7 27. Qg4 Re8 28. f5 Ba6 29. f6 Rf8 30. f7+ Rxf7 31. Rxf7 Qc1+ 32.
Kf2 Qd2+ 33. Kg3 Qxe3+ 34. Nf3 Kxf7 35. Qh5+ Kf8 36. Qe5 Be2 37. Qxe6 Bxf3 38. Qd6+ Kf7 39. Qxd5+ Kf6 40. Qe5+ Kg6 41. Qe6+ Kh5 42. Qf5+ Kh6 43. gxf3 exf3 44. Qxf3 Qg1+ 45. Kh3 Qxd4 46. Qc6+ g6 47. Qe6 Qxb2 48. Qe3+ Kh5 49. Qf3+ Kg5 50. Qg3+ Kf6 51. Qd6+ Kf5 52. Qd7+ Kf4 53. Qg4+ Ke3 54. Qg5+ Kd3 55. Qxa5 Kc2 56. Qa7 Kb1 57. Qxh7 Qc3+ 58. Kg4 Qc2 59. h4 Kxa2 60. Kg5 Qf5+ 61. Kh6 Qh5+ 62. Kg7 Qxh7+ 63. Kxh7 b3 64. Kxg6 b2 65. h5 b1=Q+ 66. Kg7 Qf5 67. h6 Qg5+ 0-1

[Event "*** Titled Tuesday 3|2 Blitz"]
[Site "Chess.com"]
[Date "2015.12.01"]
[Round "1"]
[White "HansCoolNiemann"]
[Black "adypady02"]
[Result "0-1"]
[WhiteElo "2174"]
[BlackElo "2499"]
[TimeControl "180+2"]
[EndTime "17:11:25 PST"]
[Termination "adypady02 won by resignation"]

1. d4 Nf6 2. c4 g6 3. Nc3 Bg7 4. e4 d6 5. Nf3 O-O 6. Be2 e5 7. dxe5 dxe5 8. Qxd8 Rxd8 9. Bg5 Nbd7 10. O-O-O Rf8 11. Ne1 Nc5 12. f3 Ne6 13. Be3 c6 14.
Nc2 Nh5 15. g3 f5 16. c5 f4 17. Bf2 fxg3 18. hxg3 Ng5 19. Rd3 Be6 20. b3 Rf7 21.
Rhd1 Raf8 22. Ne1 Nh3 23. Be3 Nxg3 24. Rd6 Bc8 25. Bc4 g5 26. Rd8 Bf6 27. Bxf7+ Kxf7 28. Rxf8+ Kxf8 29. Nd3 h5 30. Nf2 h4 31. Nxh3 Bxh3 32.
Rg1 Bf1 33. Kd2 h3 34. Rxg3 h2 35. Rg1 hxg1=Q 36. Bxg1 Kf7 37. Ke1 Bh3 38. Kf2 Be6 39. Bh2 Be7 40. Na4 Kf6 41. Ke2 Bh3 42. b4 g4 43. Nb2 gxf3+ 44. Kxf3 Be6 45. Nd3 Bxa2 46. Bxe5+ Kf7 47. Bc7 Bb1 48. Ke3 Ke6 49. Nf4+ Kd7 50. Be5 a5 51. bxa5 Bxc5+ 52. Bd4 Bb4 53. Bb6 Bc3 54. Nd3 Bxd3 55. Kxd3 Be5 56. Kc4 Kd6 57. Ba7 Ke6 58. Be3 Kd7 59. Bd4 Bc7 60. Bc3 Ke6 61. Kc5 Kd7 62. Bd2 Bd8 63. Bf4 Bxa5 64. Kc4 Bb6 65. Be5 Ke6 66. Bc3 Ba7 67. Bb4 b5+ 68.
Kd3 c5 69. Bc3 c4+ 70. Kd2 Bc5 71. Kc2 b4 72. Bh8 Bd6 73. Bc3 b3+ 74. Kb2 Be5 75. Bxe5 Kxe5 0-1

[Event "*** Titled Tuesday 3|2 Blitz"]
[Site "Chess.com"]
[Date "2015.12.01"]
[Round "1"]
[White "gmjoey1"]
[Black "alex_zapata"]
[Result "1/2-1/2"]
[WhiteElo "2426"]
[BlackElo "2164"]
[TimeControl "180+2"]
[EndTime "17:11:56 PST"]
[Termination "Game drawn by repetition"]

1. e4 c5 2. c3 d5 3. exd5 Qxd5 4. d4 Nf6 5. Nf3 Bg4 6. Be2 e6 7. h3 Bh5 8. O-O Nc6 9. Be3 cxd4 10. cxd4 Be7 11. Nc3 Qa5 12. g4 Bg6 13. Ne5 O-O 14. f4 Rfd8 15. Nxc6 bxc6 16. Qe1 Ne4 17. Nxe4 Qxe1 18. Rfxe1 Bxe4 19. Rac1 Rab8 20. b3 Bd5 21. Bc4 Ba3 22. Rc2 Kf8 23. Kf2 Rbc8 24. Bc1 Bb4 25. Bd2 Ba3 26. b4 Rb8 27. Bxd5 cxd5 28. Rb1 a5 29. b5 a4 30. Rc6 Rd7 31. Ra6 Rdb7 32.
b6 Bd6 33. Ke2 Ke7 34. Kd3 Kd7 35. f5 exf5 36. gxf5 Kc6 37. Rxa4 Rxb6 38. Rxb6+ Rxb6 39. Ra7 Rb7 40. Ra6+ Rb6 41. Ra7 Rb7 42. Ra6+ Rb6 43. Rxb6+ Kxb6 44. Kc2 Kb5 45. Kb3 Be7 46. a4+ Ka6 47.
Kc2 g6 48. Kd3 h5 49. Ke2 Bd6 50. Kf3 gxf5 51. Bc3 Kb6 52. Bd2 Kc6 53. Bf4 Bb4 54. Be3 Bd6 55. Bf4 Bb4 56. Kg3 Be7 57. Kf3 Bb4 58.
Bg3 Ba3 59. Be1 Bd6 60. Bd2 Kb6 61. Bf4 Be7 62. Bd2 Bd6 63. Be1 Kc6 64. Bg3 Be7 65. Kf4 Bd6+ 66. Kf3 Be7 67. Be5 Bg5 68. Bf4 Bf6 69.
Be3 Kb6 70. Kf4 Ka5 71. Kxf5 Bg7 72. Kg5 Kxa4 73. Kxh5 Kb4 74. Kg5 Kc4 75. Kf5 Kd3 76. Bg1 Bxd4 77. Bxd4 Kxd4 78. h4 Ke3 79. h5 d4 80. h6 d3 81. h7 d2 82. h8=Q d1=Q 83. Qh6+ Kf2 84. Qh4+ Kg2 85. Qg5+ Kf2 86. Qh4+ Kg2 87.
Qg5+ Kf2 88. Qh4+ Kg2 89. Qg5+ Kf2 90. Qh4+ Kg2 91. Qg5+ Kf2 92. Qh4+ 1/2-1/2

[Event "*** Titled Tuesday 3|2 Blitz"]
[Site "Chess.com"]
[Date "2015.12.01"]
[Round "1"]
[White "pKiLz5Rn9b"]
[Black "flubs"]
[Result "0-1"]
[WhiteElo "2451"]
[BlackElo "2185"]
[TimeControl "180+2"]
[EndTime "17:12:32 PST"]
[Termination "flubs won by resignation"]

1. e4 c6 2. d4 d5 3. Nc3 dxe4 4.
Nxe4 Bf5 5. Ng3 Bg6 6. h4 h6 7. Nf3 Nd7 8. h5 Bh7 9. Bd3 Bxd3 10. Qxd3 e6 11. Bd2 Ngf6 12. O-O-O Be7 13. Kb1 Qb6 14.
Rhe1 O-O 15. Nf5 Bb4 16. c3 exf5 17. cxb4 Qb5 18. Qxb5 cxb5 19. Ne5 Nb6 20. Rh1 Rfd8 21. Bc3 Rac8 22. f3 Nfd5 23. Rd3 f6 24. Ng6 Kf7 25.
Bd2 Re8 26. Nh4 Ne7 27. Bf4 Nbd5 28. Bd6 Rc6 29. Bc5 Nf4 30. Rd2 Ned5 31. g3 Re2 32. Rhd1 Rxd2 33. Rxd2 Nxh5 34. Nxf5 b6 35. g4 Nhf4 36.
Bd6 Ne6 37. Bg3 g6 38. Nh4 Rc4 39. a3 Rxd4 40. Re2 Rd3 41. Kc2 Rd4 42. Bf2 Rc4+ 43. Kd2 Ndf4 44. Re1 Rc7 45. Be3 Rd7+ 46. Kc2 Nd5 47.
Bd2 Ne7 48. Re3 g5 49. Ng2 Nd5 50. Rd3 Ke7 51. Kd1 Nf8 52. Rd4 Ng6 53. Ke2 Kd6 54. Kf2 Rc7 55. Kg3 Rc2 56. Ne1 Rxb2 57. Bc1 Ra2 58.
Nd3 Ke6 59. Re4+ Kf7 60. Rd4 Nc3 61. Rd7+ Ke6 62. Rxa7 Ne5 63. Nxe5 fxe5 64. Be3 Ne2+ 65. Kf2 Nd4+ 66. Kg3 Nc2 67. Bxb6 Rxa3 68. Rh7 Nxb4 69. Rxh6+ Kd5 70. Bd8 Nc2 71. Bxg5 Nd4 72. Rf6 Rd3 73. Kf2 b4 74. Be3 b3 75. Rb6 Rc3 76. g5 Rc2+ 77.
Kg3 Nf5+ 78. Kh3 Nxe3 79. Rxb3 Kd4 80. g6 Rc6 81. g7 Rg6 82. Rb7 Nf5 83. Rf7 Nxg7 84.
Kh4 Ne6 85. Kh5 Nf4+ 86. Kh4 Ke3 87. Rf5 Nd3 88. Kh5 Rg3 89. Kh4 Rxf3 90. Rg5 e4 91.
Kg4 Nf2+ 92. Kh5 Nh3 93. Kg6 Nxg5 0-1

[Event "*** Titled Tuesday 3|2 Blitz"]
[Site "Chess.com"]
[Date "2015.12.01"]
[Round "2"]
[White "jlandaw"]
[Black "Boryboy"]
[Result "0-1"]
[WhiteElo "2349"]
[BlackElo "2522"]
[TimeControl "180+2"]
[EndTime "17:15:51 PST"]
[Termination "Boryboy won by resignation"]

1. e4 e6 2. d4 d5 3. e5 c5 4. c3 Nc6 5. Nf3 Qb6 6. Bd3 cxd4 7.
cxd4 Bd7 8. O-O Nxd4 9. Nxd4 Qxd4 10. Nc3 a6 11. Qe2 Bc5 12. Kh1 Qb4 13. f4 g6 14.
f5 gxf5 15. Bg5 h6 16. Bh4 Qxh4 0-1

[Event "*** Titled Tuesday 3|2 Blitz"]
[Site "Chess.com"]
[Date "2015.12.01"]
[Round "2"]
[White "Chakraborty-ARZ"]
[Black "flubs"]
[Result "1-0"]
[WhiteElo "2297"]
[BlackElo "2179"]
[TimeControl "180+2"]
[EndTime "17:16:34 PST"]
[Termination "Chakraborty-ARZ won by resignation"]

1. d4 d5 2. c4 c6 3. cxd5 cxd5 4. Nc3 Nf6 5. Bf4 e6 6. e3 Bd6 7. Nh3 O-O 8. Bd3 Nc6 9. O-O a6 10. Rc1 Bxf4 11. Nxf4 Bd7 12. Qd2 Rc8 13. b3 b5 14.
Qb2 Qb6 15. h3 Rfd8 16. Rfd1 Ne8 17. a3 Nd6 18. Rc2 Rc7 19. Ncxd5 exd5 20. Nxd5 Qb7 21. Nxc7 Qxc7 22. d5 Qb6 23. dxc6 Bxc6 24. Qc3 Rc8 25. Qc5 1-0

[Event "*** Titled Tuesday 3|2 Blitz"]
[Site "Chess.com"]
[Date "2015.12.01"]
[Round "2"]
[White "Gevorg_Harutjunyan"]
[Black "adypady02"]
[Result "1-0"]
[WhiteElo "2531"]
[BlackElo "2492"]
[TimeControl "180+2"]
[EndTime "17:18:22 PST"]
[Termination "Gevorg_Harutjunyan won by resignation"]

1. e4 e5 2. Nf3 Nc6 3. Be2 Nf6 4. Nc3 Bc5 5. Nxe5 Nxe5 6. d4 Bb4 7. dxe5 Nxe4 8. Qd4 Bxc3+ 9. bxc3 Ng5 10. f4 Ne6 11. Qe3 f5 12. Ba3 Kf7 13. g4 Qh4+ 14. Kd2 Re8 15.
Raf1 g6 16. gxf5 gxf5 17. Qd3 Ng7 18. Qc4+ d5 19. Qxc7+ Kg8 20. Rhg1 Qh6 21. Bb5 Re6 22. Qd8+ Kf7 1-0

[Event "*** Titled Tuesday 3|2 Blitz"]
[Site "Chess.com"]
[Date "2015.12.01"]
[Round "2"]
[White "alex_zapata"]
[Black "Gabrinsky"]
[Result "1/2-1/2"]
[WhiteElo "2168"]
[BlackElo "2350"]
[TimeControl "180+2"]
[EndTime "17:18:29 PST"]
[Termination "Game drawn by agreement"]

1. e4 e6 2. d4 d5 3. Nd2 a6 4.
Ngf3 Nf6 5. Bd3 c5 6. exd5 Qxd5 7. O-O Nc6 8. c4 Qd8 9. d5 exd5 10. Re1+ Be7 11.
cxd5 Nxd5 12. Nc4 O-O 13. b3 Bf6 14. Nce5 Nxe5 15. Nxe5 Nb4 16. Bc2 Qxd1 17. Bxd1 Re8 18. Bb2 Bf5 19. a3 Nc6 20. f4 Bxe5 21. fxe5 f6 22.
Bf3 Nxe5 23. Bxe5 fxe5 24. Bxb7 Rab8 25. Bxa6 Bc2 26. Bc4+ Kh8 27. Rac1 Bxb3 28. Bxb3 Rxb3 29. Rxc5 Rxa3 30. Rcxe5 Rxe5 31. Rxe5 Kg8 32. Re7 Ra2 33.
h3 h5 34. h4 Kh7 35. Re6 g6 36. Kh2 Kg7 37. Rb6 Ra4 38. g3 Ra2+ 39. Kh3 Ra1 40.
Kg2 Kh6 41. Rc6 Ra4 42. Rb6 Kg7 43. Rc6 Ra5 44. Rb6 g5 45. hxg5 Rxg5 46. Kh3 Rd5 47. Kh4 Kh7 48. Rb7+ Kg6 49. Rb6+ Kg7 50. Rb7+ Kf6 51.
Rb6+ Kg7 52. Rb7+ 1/2-1/2

[Event "*** Titled Tuesday 3|2 Blitz"]
[Site "Chess.com"]
[Date "2015.12.01"]
[Round "2"]
[White "ZEN-22"]
[Black "BellJackson95"]
[Result "0-1"]
[WhiteElo "2260"]
[BlackElo "2175"]
[TimeControl "180+2"]
[EndTime "17:19:01 PST"]
[Termination "BellJackson95 won by resignation"]

1. d4 Nf6 2. Nc3 d5 3. Bg5 c5 4. dxc5 d4 5. Bxf6 exf6 6. Ne4 f5 7. Nd6+ Bxd6 8. cxd6 Qxd6 9. Qd2 Nc6 10. Nf3 O-O 11.
O-O-O Rd8 12. e3 Qd5 13. Kb1 Be6 14. b3 dxe3 15. Qxd5 Rxd5 16. Rxd5 Bxd5 17. fxe3 Re8 18. Bd3 Rxe3 19. Bxf5 g6 20. Bc8 Ne7 21. Bh3 Re2 22.
Rd1 Be4 23. Rd2 Bxf3 24. Rd8+ Kg7 25. gxf3 Rxh2 26. Rd7 Rxh3 27. Rxe7 Rxf3 28. Rxb7 h5 29. Rb4 g5 30. c4 h4 31. c5 h3 32. Rg4 h2 0-1

[Event "*** Titled Tuesday 3|2 Blitz"]
[Site "Chess.com"]
[Date "2015.12.01"]
[Round "2"]
[White "LoggiaFelixdaMaria"]
[Black "UltimateCrusher2"]
[Result "1-0"]
[WhiteElo "2090"]
[BlackElo "2025"]
[TimeControl "180+2"]
[EndTime "17:19:26 PST"]
[Termination "LoggiaFelixdaMaria won by resignation"]

1. d4 b6 2. e4 Bb7 3. Bd3 e6 4. Nf3 c5 5. O-O cxd4 6. Nxd4 d6 7. Nc3 Nf6 8. Kh1 g6 9. f4 Nbd7 10. Bd2 Bg7 11. f5 e5 12. Ndb5 Nc5 13. Bg5 a6 14.
Bxf6 Bxf6 15. Na3 O-O 16. Qe2 b5 17. b4 Nd7 18. Nab1 Nb6 19. a4 bxa4 20. Nxa4 Nxa4 21. Rxa4 d5 22. Nd2 Bg5 23. Nf3 Bf6 24. c4 dxc4 25.
Bxc4 Qd7 26. Ra5 Rae8 27. Bxa6 Bd8 28. Raa1 Bxa6 29. Rxa6 gxf5 30. Nh4 Bxh4 31. Qh5 Qd3 32. Rfa1 Qxe4 33. Rh6 Qd4 34. Rg1 Bg5 35. Qxg5+ Kh8 36.
Qxf5 1-0

[Event "*** Titled Tuesday 3|2 Blitz"]
[Site "Chess.com"]
[Date "2015.12.01"]
[Round "2"]
[White "yopino"]
[Black "chessbia"]
[Result "1-0"]
[WhiteElo "2214"]
[BlackElo "2077"]
[TimeControl "180+2"]
[EndTime "17:19:32 PST"]
[Termination "yopino won by resignation"]

1. e4 e5 2. Nf3 Nc6 3. Bb5 a6 4. Bxc6 dxc6 5. O-O Qe7 6. d4 exd4 7. Qxd4 Bd7 8. Qe5 Qxe5 9. Nxe5 Be6 10. Rd1 Nf6 11.
f3 Bc5+ 12. Kh1 h5 13. Bg5 h4 14. Bxf6 gxf6 15. Nd3 Bb6 16. Nc3 Ke7 17. Na4 Ba7 18. Nac5 Bxc5 19. Nxc5 b6 20. Nxe6 fxe6 21. Kg1 Rag8 22.
Rd2 Rd8 23. Rad1 Rxd2 24. Rxd2 Rh5 25. Kf2 Ra5 26. a3 c5 27. g3 hxg3+ 28. Kxg3 c4 29.
c3 Rg5+ 30. Kf4 Rh5 31. Kg3 a5 32. h4 b5 33. Kg4 Rh8 34. h5 c5 35. Rh2 b4 36. h6 Kf7 37. Kh5 Rd8 38. Rg2 Rh8 39. Rd2 f5 40. e5 Ke7 41. f4 Rg8 42.
h7 Rh8 43. Kg6 1-0

[Event "*** Titled Tuesday 3|2 Blitz"]
[Site "Chess.com"]
[Date "2015.12.01"]
[Round "2"]
[White "Dlugy"]
[Black "HustleStandard"]
[Result "1-0"]
[WhiteElo "2510"]
[BlackElo "2343"]
[TimeControl "180+2"]
[EndTime "17:19:35 PST"]
[Termination "Dlugy won by resignation"]

1. d4 Nf6 2. Bf4 e6 3. e3 c5 4.
c3 b6 5. Nf3 Bb7 6. Bd3 Be7 7.
h3 O-O 8. O-O Re8 9. Nbd2 cxd4 10. exd4 d6 11. Re1 Nbd7 12. a4 a6 13. Bh2 Nf8 14. Nc4 Ng6 15. Nfd2 Nd5 16. Qb3 Rb8 17. Bxg6 hxg6 18. Ne4 Qd7 19. Ncxd6 Bxd6 20. Nxd6 Ba8 21. Nxe8 Rxe8 22. c4 Nf6 23. Qxb6 Rc8 24. Qxa6 Bb7 25. Qd6 Qe8 26. d5 Rxc4 27. dxe6 Ne4 28. exf7+ Qxf7 29. Qf4 Qd5 30. Rad1 Nd2 31. Qg3 Rd4 32. Re8+ Kh7 33. Rde1 g5 34. R8e5 Qf7 35. Qxg5 Ne4 36. Qh5+ Qxh5 37.
Rxh5+ 1-0

[Event "*** Titled Tuesday 3|2 Blitz"]
[Site "Chess.com"]
[Date "2015.12.01"]
[Round "2"]
[White "Konavets"]
[Black "bugsbunny444"]
[Result "1/2-1/2"]
[WhiteElo "2522"]
[BlackElo "2359"]
[TimeControl "180+2"]
[EndTime "17:19:47 PST"]
[Termination "Game drawn by agreement"]

1. d4 e6 2. c4 b6 3. Nc3 Bb7 4.
a3 f5 5. Nf3 Nf6 6. Bg5 Be7 7. e3 O-O 8. Bd3 Ne4 9. Bxe7 Nxc3 10. Bxd8 Nxd1 11. Bxc7 Nxb2 12. Be2 Rc8 13. Bd6 Nxc4 14.
Bxc4 Rxc4 15. Ne5 Rc2 16. O-O Nc6 17. Rfc1 Rxc1+ 18. Rxc1 Nxe5 19. dxe5 Rc8 20. Rxc8+ Bxc8 21. Bb8 a6 22. Bc7 b5 23. f3 Kf7 24. h4 Bb7 25.
Kf2 Kg6 26. g4 fxg4 27. fxg4 h5 28. Kg3 Bd5 29. Bd8 Bb3 30. Kf4 Bd1 31. g5 Bc2 32. e4 Kf7 33. Ke3 g6 34. Bc7 Ke7 35. Kd4 Bb1 1/2-1/2

[Event "*** Titled Tuesday 3|2 Blitz"]
[Site "Chess.com"]
[Date "2015.12.01"]
[Round "2"]
[White "Carolina-moon"]
[Black "ilmago"]
[Result "1-0"]
[WhiteElo "2050"]
[BlackElo "1917"]
[TimeControl "180+2"]
[EndTime "17:19:53 PST"]
[Termination "Carolina-moon won by resignation"]

1. e4 c5 2. Nc3 Nc6 3. Bb5 Nd4 4. Bc4 e6 5. Nge2 a6 6. a4 b6 7. O-O Bb7 8. d3 d5 9. exd5 exd5 10. Ba2 Ne6 11. Nf4 Nf6 12. Nxe6 fxe6 13. Re1 Qd6 14.
Qf3 Be7 15. Bf4 Qd7 16. Qh3 Bc8 17. Bg5 O-O 18. Re2 h6 19. Bxf6 Rxf6 20. Rae1 b5 21. Nxd5 exd5 22. Qxd7 Bxd7 23. Rxe7 Bc6 24. Rc7 c4 25. Ree7 Rg6 26. g3 Re8 27. Rxc6 Rxe7 28. Rxg6 Re2 29. axb5 axb5 30. dxc4 dxc4 31. Rb6 Rxc2 32.
Rxb5 Kf8 33. Rb4 c3 34. bxc3 Rxa2 35. Rb7 Rc2 36. Rc7 g5 37. h3 h5 38. Kg2 g4 39.
hxg4 hxg4 40. Rc4 Kf7 41. Rf4+ Ke6 42. Rxg4 1-0

[Event "*** Titled Tuesday 3|2 Blitz"]
[Site "Chess.com"]
[Date "2015.12.01"]
[Round "2"]
[White "the_drake"]
[Black "ChadaevNikolay"]
[Result "0-1"]
[WhiteElo "1990"]
[BlackElo "2546"]
[TimeControl "180+2"]
[EndTime "17:19:54 PST"]
[Termination "ChadaevNikolay won by resignation"]

1. e4 c5 2. Nf3 g6 3. d4 cxd4 4. Nxd4 Nc6 5. Nc3 Bg7 6. Be3 Nf6 7. f3 O-O 8. Qd2 d5 9. Nxc6 bxc6 10. exd5 cxd5 11.
Bb5 Bb7 12. O-O Qc7 13. Rad1 e5 14. Bf2 d4 15. Ne2 Rfd8 16. f4 Ne4 17. Qb4 Nxf2 18.
Rxf2 a6 19. Bc4 e4 20. f5 Bd5 21. Bxd5 Rxd5 22. f6 Bf8 23. Qb3 Rad8 24. Nf4 Rf5 25. Nd5 Qe5 26. Rxf5 gxf5 27. c4 d3 28. Qc3 Bc5+ 29. Kh1 Qxc3 30. bxc3 e3 31. Ne7+ Kf8 0-1

[Event "*** Titled Tuesday 3|2 Blitz"]
[Site "Chess.com"]
[Date "2015.12.01"]
[Round "2"]
[White "Yaacovn"]
[Black "kungmongmanh"]
[Result "1-0"]
[WhiteElo "2630"]
[BlackElo "2385"]
[TimeControl "180+2"]
[EndTime "17:19:56 PST"]
[Termination "Yaacovn won by resignation"]

1. d4 d5 2. Nf3 c6 3. c4 Bf5 4.
cxd5 cxd5 5. Qb3 Qb6 6. Qxd5 e6 7. Qb3 Nc6 8. e3 Nb4 9. Na3 Rc8 10. Bb5+ Kd8 11. O-O Nc2 12. Bd2 a6 13. Rac1 Nxa3 14.
Rxc8+ Kxc8 15. Bd7+ Kc7 16. Rc1+ Nc2 17. Qa4 Nf6 18.
Ba5 Nxd7 19. Bxb6+ Nxb6 20. Rxc2+ Bxc2 21. Qxc2+ Kb8 22. Qb3 Nd5 23. Ne5 f6 24. Nf7 Rg8 25. Nd8 b5 26. Nxe6 Nb6 27. a4 Nxa4 28. Nc5 1-0